 Dungeon Crawl Stone Soup version 0.21-a0-67-g3f13d09 (webtiles) character file.

4302 Gorglomux the Slinger (level 10, -7/120 HPs)
             Began as a Gnoll Arcane Marksman on June 17, 2017.
             Was a Follower of Okawaru.
             Mangled by Kenran's ghost (20 damage)
             ... on level 8 of the Dungeon.
             The game lasted 00:22:04 (10571 turns).

Gorglomux the Slinger (Gnoll Arcane Marksman)      Turns: 10571, Time: 00:22:05

Health: -7/120     AC: 25    Str: 13    XL:     10   Next: 32%
Magic:  22/24      EV:  2    Int: 13    God:    Okawaru [*.....]
Gold:   152        SH:  0    Dex: 15    Spells: 7/15 levels left

rFire    . . .     SeeInvis .   a - +0 hunting sling
rCold    . . .     Gourm    .   (no shield)
rNeg     + + +     Faith    .   (armour currently unavailable)
rPois    +         Spirit   .   (helmet currently unavailable)
rElec    .         Reflect  .   (cloak currently unavailable)
rCorr    .         Harm     .   (gloves currently unavailable)
MR       .....     NoTele   +   (boots currently unavailable)
Stlth    +.........             (no amulet)
HPRegen  0.30/turn              A - ring of magical power
MPRegen  0.19/turn              Y - ring of positive energy

@: tree-form
A: short attention span, strong nose
a: Heroism, Renounce Religion


You were on level 8 of the Dungeon.
You worshipped Okawaru.
Okawaru was aware of your devotion.
You were not hungry.
You were a tree.
You visited 2 branches of the dungeon, and saw 9 of its levels.

You collected 597 gold pieces.
You spent 445 gold pieces at shops.

Inventory:

Hand Weapons
 a - a +0 hunting sling (weapon)
 b - a +3 spear of venom
Missiles
 d - 102 sling bullets (quivered)
 g - 162 stones
 Z - a throwing net
Armour
 l - a +2 pair of boots (melded)
 M - a +2 cloak of poison resistance (melded)
 N - a +1 pair of gloves (melded)
 W - a +0 shield
 X - a +3 scale mail (melded)
Jewellery
 A - a ring of magical power (left branch)
 Y - a ring of positive energy (right branch)
Wands
 C - a wand of confusion (16/48)
 E - a wand of enslavement (14/24)
 L - a wand of lightning (0/15)
Scrolls
 j - 3 scrolls of remove curse
 m - 2 scrolls of recharging {unknown}
 n - 2 scrolls of enchant weapon {unknown}
 u - a scroll of summoning {unknown}
 v - a scroll of noise {unknown}
 w - 2 scrolls of blinking {unknown}
 x - a scroll of amnesia {unknown}
 y - 4 scrolls of enchant armour
 G - a scroll of random uselessness {unknown}
 H - 2 scrolls of immolation {unknown}
 T - 3 scrolls of teleportation
 U - 3 scrolls of fear
Potions
 k - 3 potions of haste
 B - 3 potions of might
 D - 3 potions of ambrosia
 F - a potion of mutation {!q}
 J - a potion of brilliance
 K - 2 potions of flight
 P - 2 potions of invisibility
 Q - 3 potions of curing
 S - 2 potions of agility
Books
 c - a book of Debilitation

   Spells                             Type                      Level
   a - Corona                         Hexes                        1
   b - Slow                           Hexes                        2
   c - Inner Flame                    Hexes/Fire                   3
   d - Portal Projectile              Hexes/Translocation          3
   e - Cause Fear                     Hexes                        4
   f - Leda's Liquefaction            Hexes/Earth                  4
 V - a book of Minor Magic

   Spells                             Type                      Level
   a - Magic Dart                     Conjuration                  1
   b - Blink                          Translocation                2
   c - Call Imp                       Summoning                    2
   d - Slow                           Hexes                        2
   e - Conjure Flame                  Conjuration/Fire             3
   f - Mephitic Cloud                 Conjuration/Poison/Air       3
Comestibles
 f - 5 bread rations
 s - 11 fruits
 t - 6 royal jellies
 z - 6 meat rations
 R - 6 chunks of flesh


   Skills:
 - Level 8.0 Fighting
 - Level 9.0(9.5) Slings
 - Level 8.1(9.1) Throwing
 - Level 8.1 Armour
 - Level 8.0 Dodging
 + Level 3.4 Spellcasting
 + Level 6.4 Hexes
 + Level 5.5 Translocations


You had 7 spell levels left.
You knew the following spells:

 Your Spells              Type           Power        Failure   Level  Hunger
a - Corona                Hex            ###....      1%          1    #......
b - Cause Fear            Hex            ###.......   16%         4    #####..
j - Portal Projectile     Hex/Tloc       ###...       5%          3    ###....


Dungeon Overview and Level Annotations

Branches:
Dungeon (8/15)             Temple (1/1) D:7
   Lair: D:8-11

Altars:
Ashenzari
Cheibriados
Dithmenos
Fedhas
Gozag
Hepliaklqana
Kikubaaqudgha
Makhleb
Nemelex Xobeh
Okawaru
Qazlal
Ru
Sif Muna
Trog
Uskayaw
Vehumet
Wu Jian
Xom
Yredelemnul
Zin
The Shining One

Shops:
D:7 }([*

Annotations:
D:8 Kenran's ghost, novice HuIE


Innate Abilities, Weirdness & Mutations

You have a short attention span.
((You have very sharp teeth.))
Your uncanny sense of smell can sniff out nearby items.


Message History

Firing (i - inventory. (,) - cycle):
d - 103 sling bullets (quivered)
Press: ? - help, Shift-Dir - straight line, f/p - Kenran's ghost
Aim: Kenran's ghost, wielding a weapon of electrocution (severely damaged)
You shoot a sling bullet.
The sling bullet barely misses Kenran's ghost.
The sling bullet hits the ogre but does no damage.
The ogre is severely wounded.
Kenran's ghost points at you and mumbles some strange words.
You are frozen.
* * * LOW HITPOINT WARNING * * *
You turn into a tree.
Your +2 cloak of poison resistance melds into your body.
Your +1 pair of gloves melds into your body.
Your +2 pair of boots melds into your body.
Your +3 scale mail melds into your body.
Your roots penetrate the ground.
You feel like a meek peon again.
Kenran's ghost hits you but does no damage.
You are electrocuted!
You die...

.8..# #..# .#
._..###..##.#######
...........#.......
.............#.#
....#...[......#
###...#####....# ##.#
#....#
#.######....#########
#............♣WO...(#
#..######.#[#####.#.#
#)..# .# #.#.# .# ...
#.#.# O# #.# #.#.# .#
#.# #...# .# #.#
##..# .. #.# #..#


You could see an ogre and Kenran's ghost.

Vanquished Creatures
  Joseph (D:7)
  2 yaks (D:7)
  2 hogs (D:7)
  A human (D:7)
  Edmund (D:6)
  A water moccasin (D:7)
  A black bear (D:8)
  An orc warrior (D:6)
  An ice beast (D:8)
  2 sky beasts (D:7)
  5 ogres
  The ghost of Gorglomux the Vexing, an amateur GnAM (D:3)
  4 centaurs
  3 big kobolds
  3 bullfrogs
  A gnoll sergeant (D:6)
  A scorpion (D:4)
  3 howler monkeys
  A crimson imp (D:5)
  A quasit (D:8)
  3 jellies
  3 orc priests (D:6)
  3 hounds
  2 iguanas
  6 orc wizards
  Terence (D:3)
  7 worker ants
  Ijyb (D:3)
  2 hound zombies
  A hound skeleton (D:5)
  8 gnolls
  9 adders
  2 shadow imps (D:6)
  An ooze (D:7)
  2 adder skeletons
  6 worms
  A dart slug (D:1)
  7 leopard geckos
  12 orcs
  11 giant cockroaches
  11 goblins
  6 hobgoblins
  9 jackals
  4 quokkas
  8 bats
  4 frilled lizards
  23 kobolds
  A quokka skeleton (D:4)
  7 rats
197 creatures vanquished.

Vanquished Creatures (collateral kills)
  A gnoll (D:6)
1 creature vanquished.

Vanquished Creatures (others)
  5 plants (D:6)
5 creatures vanquished.

Grand Total: 203 creatures vanquished

Notes
Turn   | Place    | Note
-------+----------+-------------------------------------------
     0 | D:1      | Gorglomux the Gnoll Arcane Marksman began the quest for the Orb.
     0 | D:1      | Reached XP level 1. HP: 16/16 MP: 3/3
    58 | D:1      | Reached skill level 4 in Slings
   147 | D:1      | Reached XP level 2. HP: 22/22 MP: 4/4
   419 | D:1      | Reached skill level 5 in Slings
   595 | D:1      | Reached XP level 3. HP: 27/27 MP: 5/5
   610 | D:1      | Learned a level 3 spell: Portal Projectile
   758 | D:2      | Found an ancient bone altar of Kikubaaqudgha.
   796 | D:2      | Reached skill level 6 in Slings
  1192 | D:2      | Reached XP level 4. HP: 33/33 MP: 3/6
  1506 | D:2      | Found a faded altar of an unknown god.
  1704 | D:3      | Noticed Gorglomux's ghost (amateur GnAM)
  1705 | D:3      | Reached skill level 7 in Slings
  1838 | D:3      | Noticed Terence
  1973 | D:3      | Killed Terence
  1973 | D:3      | Reached XP level 5. HP: 21/38 MP: 7/7
  2394 | D:3      | Killed Gorglomux's ghost
  2394 | D:3      | Reached skill level 8 in Slings
  2796 | D:3      | Reached XP level 6. HP: 44/44 MP: 9/9
  2934 | D:3      | Reached skill level 6 in Hexes
  2934 | D:3      | Reached skill level 3 in Translocations
  3102 | D:3      | Noticed Ijyb
  3170 | D:3      | Killed Ijyb
  3635 | D:4      | Reached XP level 7. HP: 50/50 MP: 10/10
  3899 | D:4      | Learned a level 4 spell: Cause Fear
  4317 | D:4      | Reached skill level 6 in Fighting
  4773 | D:5      | Entered Level 5 of the Dungeon
  4803 | D:5      | Found a sacrificial altar of Ru.
  5294 | D:5      | Reached XP level 8. HP: 67/67 MP: 11/11
  5791 | D:6      | Found a bloodstained altar of Trog.
  5949 | D:6      | Reached skill level 1 in Armour
  6318 | D:6      | Reached skill level 3 in Armour
  6572 | D:6      | Reached skill level 6 in Dodging
  6591 | D:6      | HP: 2/68 [orc priest/divine providence (13)]
  7296 | D:6      | Reached skill level 6 in Armour
  7423 | D:6      | Noticed Edmund
  7468 | D:6      | Killed Edmund
  7468 | D:6      | Reached XP level 9. HP: 59/74 MP: 12/12
  8193 | D:7      | Found Bial's Weapon Boutique.
  8193 | D:7      | Noticed Joseph
  8212 | D:7      | Killed Joseph
  8231 | D:7      | Found Megecocyth's Armour Shop.
  8262 | D:7      | Bought a +2 cloak of poison resistance for 222 gold pieces
  8398 | D:7      | Reached skill level 3 in Throwing
  8508 | D:7      | Found Wiofih's Assorted Antiques.
  8525 | D:7      | Bought a scroll labeled GOKISI JO LIHO for 33 gold pieces
  8525 | D:7      | Bought a scroll labeled FUNGOO YVVA for 33 gold pieces
  8525 | D:7      | Bought a scroll of identify for 66 gold pieces
  8525 | D:7      | Bought a dark potion for 29 gold pieces
  8525 | D:7      | Bought a puce potion for 29 gold pieces
  8525 | D:7      | Bought a scroll labeled YFUEME ISURE for 33 gold pieces
  8691 | D:7      | Found Ogameog's Gadget Shoppe.
  8798 | D:7      | Found a staircase to the Ecumenical Temple.
  8859 | Temple   | Entered the Ecumenical Temple
  8952 | Temple   | Became a worshipper of Warmaster Okawaru
  9057 | D:7      | Reached skill level 6 in Throwing
  9300 | D:7      | Found an opulent altar of Gozag.
  9449 | D:7      | Reached XP level 10. HP: 60/80 MP: 13/13
  9629 | D:8      | Identified a scroll of acquirement
  9635 | D:8      | Got a twisted quarterstaff
  9636 | D:8      | Identified the +2 quarterstaff of the Viper {pain, Str-5 Int+2 SInv} (You acquired it on level 8 of the Dungeon)
  9758 | D:8      | Reached * piety under Okawaru
  9914 | D:8      | Reached skill level 9 in Slings
  9937 | D:8      | Noticed Kenran's ghost (novice HuIE)
 10210 | D:7      | Reached skill level 3 in Spellcasting
 10432 | D:8      | Found a basalt altar of Yredelemnul.
 10454 | D:8      | Found a radiant altar of Vehumet.
 10571 | D:8      | Mangled by Kenran's ghost

Vault maps used:
D:1:      dpeg_arrival_simpleton_a, minivault_24
D:2:      kennysheep_six_static_rooms, kiku_gazebo_pond_becter,
          chequers_ecumenical_altar_island
D:3:      cheibrodos_thug_alley, uniq_ijyb, uniq_terence
D:4:      serial_glass, glass_columns_b, glass_columns_b, minmay_joined_circles
D:5:      overflow_temple_1_default, first_bread
D:6:      marbit_many_paths, minivault_1, serial_bayou_pond_c,
          sigmund_edmund_badplayer
D:7:      grunt_gozag_breadcrumbs, minmay_temple_entry_glassed_door,
          serial_shops, shop, nicolae_shop_statue_plus, shop,
          nicolae_shop_trees, grunt_livestock, uniq_joseph
D:8:      chequers_temple_overflow_statue_of_worship
Temple:   regret_index_temple_waves

Skill      XL: |  1  2  3  4  5  6  7  8  9 10 |
---------------+-------------------------------+-----
Slings         | 4 5 6 7 8 9 |  9.0
Spellcasting   | 2 3 |  3.4
Hexes          | 6 |  6.4
Translocations | 4 5 |  5.5
Fighting       | 2 7 8 |  8.0
Armour         | 6 8 |  8.1
Dodging        | 7 8 |  8.0
Throwing       | 8 |  8.1

Action                   |  1- 3 |  4- 6 |  7- 9 | 10-12 || total
-------------------------+-------+-------+-------+-------++-------
Melee: Unarmed           |    16 |       |     2 |       ||    18
       Spear             |       |       |    36 |     7 ||    43
       Hunting sling     |       |       |     2 |       ||     2
       Bite              |       |       |     1 |       ||     1
       Punch             |       |       |       |     1 ||     1
 Fire: Hunting sling     |   128 |   289 |   751 |   245 ||  1413
Throw: Throwing net      |       |       |     1 |       ||     1
 Cast: Corona            |    17 |     9 |    11 |     8 ||    45
       Portal Projectile |       |     9 |       |     3 ||    12
Invok: Heroism           |       |       |       |     2 ||     2
Evoke: Wand              |       |       |     3 |     5 ||     8
  Use: Potion            |       |     4 |     1 |     1 ||     6
       Scroll            |       |       |    10 |     4 ||    14
  Eat: Chunk             |     1 |     6 |    18 |     4 ||    29
       Royal jelly       |       |     1 |       |       ||     1
Armor: Robe              |    14 |    26 |     4 |       ||    44
       Chain mail        |       |       |   147 |       ||   147
       Scale mail        |       |       |    93 |    91 ||   184
       Skin              |       |       |       |     1 ||     1
Dodge: Dodged            |    53 |    85 |   171 |   115 ||   424
